 Dungeon Crawl Stone Soup version 0.28.0-55-gcd9437bce4 (webtiles) character file.

Game seed: 10204454530876695104

309 nerdsy the Digger (level 6, -1/48 (51) HPs)
             Began as a Deep Dwarf Earth Elementalist on Jan 6, 2023.
             Killed by nerve-wracking pain
             ... invoked by Menkaure
              (6 damage)
             ... on level 4 of the Dungeon.
             The game lasted 00:14:36 (3121 turns).

nerdsy the Digger (Deep Dwarf Earth Elementalist)   Turns: 3121, Time: 00:14:36

HP:   -1/48 (51)    AC:  6    Str: 11    XL:     6   Next: 17%
MP:   9/9           EV: 12    Int: 18    God:
Gold: 170           SH:  0    Dex: 13    Spells: 9/10 levels left

rFire   . . .      SeeInvis .   f - +2 dagger (vamp)
rCold   . . .      Faith    .   (no shield)
rNeg    . . .      Spirit   .   j - +0 leather armour
rPois   .          Reflect  .   r - +0 helmet
rElec   .          Harm     .   t - +0 cloak
rCorr   .          Rampage  .   q - +0 pair of gloves
Will    .....                   (no boots)
Stlth   ++........              (no amulet)
HPRegen 0.00/turn               (no ring)
MPRegen 0.11/turn               (no ring)

@: drained
A: damage resistance, heal wounds, sense surroundings 1, no regeneration
a: Heal Wounds


You were on level 4 of the Dungeon.
You visited 1 branch of the dungeon, and saw 4 of its levels.

You collected 170 gold pieces.

Inventory:

Hand Weapons
 f - a +2 vampiric dagger (weapon)
Missiles
 c - 96 stones (quivered)
 i - 2 throwing nets
Armour
 j - a +0 leather armour (worn)
 q - a +0 pair of gloves (worn)
 r - a +0 helmet (worn)
 t - a +0 cloak (worn)
Magical Staves
 h - a staff of death
Wands
 p - a wand of flame (15)
Scrolls
 a - a scroll of amnesia {unknown}
 g - a scroll of enchant armour {unknown}
 k - a scroll of brand weapon {unknown}
 m - a scroll of fear {unknown}
 n - a scroll of vulnerability {unknown}
 s - a scroll of summoning {unknown}
 v - 3 scrolls of enchant weapon {unknown}
Potions
 b - 2 potions of curing {unknown}
 d - a potion of degeneration {unknown}
 e - a potion of resistance {unknown}
 l - a potion of might {unknown}
 o - 3 potions of heal wounds {unknown}
 u - a potion of flight {unknown}


   Skills:
 + Level 1.0 Fighting
 + Level 2.1 Short Blades
 + Level 2.1 Armour
 + Level 3.2 Dodging
 + Level 2.8 Stealth
 + Level 2.8 Spellcasting
 + Level 0.8 Transmutations
 + Level 5.8 Earth Magic


You had 9 spell levels left.
You knew the following spells:

 Your Spells              Type           Power      Damage    Failure   Level
a - Sandblast             Erth           46%        2d11      1%          1

Your spell library contained the following spells:

 Spells                   Type           Power      Damage    Failure   Level
 Passwall                 Tmut/Erth      11%        N/A       9%          2
 Stone Arrow              Conj/Erth      26%        3d8       21%         3
 Petrify                  Tmut/Erth      14%        N/A       50%         4


Dungeon Overview and Level Annotations

Branches:
Dungeon (4/15)
 Temple: D:4-7

Altars:
Hepliaklqana

Annotations:
D:3 3 runed translucent doors, Crazy Yiuf; worthlessgem's ghost, weakling FeTm
D:4 Menkaure


Innate Abilities, Weirdness & Mutations

You are resistant to damage.
You can heal yourself by infusing magical energy.
You passively map a small area around you.
You do not regenerate.


Message History

You barely miss Natasha.
Natasha is almost dead.
The white imp hits you. The white imp freezes you. Natasha claws you.
You hit Natasha but do no damage.
Natasha is almost dead.
The white imp closely misses you.
You barely miss Natasha.
Natasha is almost dead.
Natasha stares at you and mumbles some strange words.
The magic dart hits you. The white imp barely misses you.
You hit Natasha.
You feel better.
You kill Natasha!
Natasha screams in pain as she dies!
The white imp disappears in a puff of smoke!
Things that are here:
a +0 club; a +0 robe You see here 12 sling bullets.
Things that are here:
a +0 hand axe; a +0 hand axe; an orc skeleton Could not explore, unopened runed door.
Things that are here:
a +0 hand axe; a +0 hand axe; an orc skeleton
There is a stone staircase leading down here.
You climb downwards.
There is a stone staircase leading up here.
Menkaure, Prince of Dust comes into view.
Menkaure shouts!
Menkaure gestures wildly while chanting.
Menkaure seems to speed up.
Casting: Sandblast (safe; 1% risk of failure)
Confirm with . or Enter, or press ? or * to list all spells.
You can't see any susceptible monsters within range! (Use Z to cast anyway.) Menkaure calls on the powers of darkness!
Your body is wracked with pain!
Menkaure points at you and mumbles some strange words.
Pain shoots through your body!
* * * LOW HITPOINT WARNING * * *
Menkaure casts a spell at you. Pain shoots through your body!
You die...

* * * #.# #. ,
####.##.. * *
#.......#,,, ,
###.###.# * ,
#.....#.## ,, ,
###.###....#### , . ,
##...# #.......#
....###....###....##.#,
...M...@.......#.###.#
....###...######.# #.#
, . , ##.## #.# #.# ,
#.# #.# #.# * * #.# #.#
#.# * * *#.# ** #.#
#.### , ... ..# #..<.
.## *.## ##### * * *


You could see Menkaure (fast).

Vanquished Creatures
  A phantom (D:2)
  Jessica (D:3)
  Natasha (twice) (D:3)
  Terence (D:2)
  Robin (D:2)
  An adder (D:2)
  A worm (D:3)
  5 dart slugs
  7 orcs (D:3)
  9 bats
  9 endoplasms
  A giant cockroach (D:3)
  18 goblins
  12 hobgoblins
  5 kobolds
  5 quokkas
  A ball python (D:3)
  A frilled lizard (D:2)
  5 rats
86 creatures vanquished.

Notes
Turn   | Place    | Note
-------+----------+-------------------------------------------
     0 | D:1      | nerdsy the Deep Dwarf Earth Elementalist began the quest
                  | for the Orb.
     0 | D:1      | Reached XP level 1. HP: 15/15 MP: 3/3
   148 | D:1      | Reached XP level 2. HP: 11/22 MP: 1/4
   644 | D:1      | Reached XP level 3. HP: 8/28 MP: 6/6
   651 | D:1      | Found a faded altar of an unknown god.
   689 | D:1      | Reached skill level 5 in Earth Magic
   953 | D:2      | Noticed Robin
   969 | D:2      | Killed Robin
   970 | D:2      | Reached skill level 1 in Short Blades
  1060 | D:2      | Reached XP level 4. HP: 16/36 MP: 7/7
  1173 | D:2      | Noticed a phantom
  1182 | D:2      | Killed a phantom
  1183 | D:2      | Reached skill level 1 in Armour
  1183 | D:2      | Reached XP level 5. HP: 28/43 MP: 2/8
  1831 | D:2      | Noticed Terence
  1866 | D:2      | Killed Terence
  2114 | D:3      | Noticed Jessica
  2119 | D:3      | Killed Jessica
  2181 | D:3      | Found a hazy altar of Hepliaklqana.
  2312 | D:3      | Found a runed translucent door.
  2316 | D:3      | Noticed worthlessgem's ghost (weakling FeTm)
  2381 | D:3      | Noticed Natasha
  2412 | D:3      | Killed Natasha
  2413 | D:3      | Reached skill level 1 in Fighting
  2413 | D:3      | Reached XP level 6. HP: 19/45 MP: 9/9
  2585 | D:3      | Found a runed translucent door.
  2698 | D:3      | Found a runed translucent door.
  2699 | D:3      | Noticed Crazy Yiuf
  2900 | D:3      | Noticed Natasha
  2920 | D:3      | Killed Natasha
  3116 | D:4      | Noticed Menkaure
  3121 | D:4      | Killed from afar by Menkaure

Illustrated notes

Levels and vault maps discovered:
D:1:      wander_arrival_chamber, layout_loops_ring,
          ebering_ecumenical_altar_mist, minmay_tiny_reverse_x
D:2:      minmay_skewed_foursquare, layout_loops_corners, corexii_corridor_pit,
          uniq_terence, uniq_robin
D:3:      layout_loops_ring, marbit_many_paths, ebering_ghost_sewer_f,
          minmay_misc_feat_roman, kennysheep_generic_room_16, uniq_jessica,
          uniq_crazy_yiuf_cottage, uniq_natasha
D:4:      layout_loops_ring, serial_bayou_pond_c, uniq_menkaure,
          uniq_blork_the_orc, uniq_grinder

Skill      XL: |  1  2  3  4  5 |
---------------+----------------+-----
Spellcasting   | 2 |  2.8
Earth Magic    | 5 |  5.8
Short Blades   | 1 2 |  2.1
Armour         | 1 2 |  2.1
Dodging        | 3 |  3.2
Fighting       | 1 |  1.0
Stealth        | |  2.8
Transmutations | |  0.8

Action                   |  1- 3 |  4- 6 || total
-------------------------+-------+-------++-------
Melee: Dagger            |    77 |   229 ||   306
       Punch             |     1 |     3 ||     4
 Cast: Sandblast         |    19 |    17 ||    36
 Abil: Heal Wounds       |     1 |     4 ||     5
 Stab: Sleeping          |       |     2 ||     2
Armor: Leather armour    |    18 |    57 ||    75
Dodge: Dodged            |    44 |   114 ||   158
